 Dungeon Crawl Stone Soup version 0.21.1-1-g345015f (webtiles) character file.

25 Kairos the Shield-Bearer (level 3, 29/29 HPs)
             Began as a Human Fighter on Mar 28, 2018.
             Got out of the dungeon alive.
             The game lasted 00:01:08 (642 turns).

Kairos the Shield-Bearer (Human Fighter)             Turns: 642, Time: 00:01:09

Health: 29/29      AC:  6    Str: 13 (16) XL:     3   Next: 20%
Magic:  3/3        EV:  6    Int: 10 (11) God:
Gold:   82         SH:  9    Dex:  6 (9)  Spells: 2/2 levels left

rFire    . . .     SeeInvis .   a - +0 war axe
rCold    . . .     Gourm    .   c - +1 shield
rNeg     . . .     Faith    .   b - +0 scale mail
rPois    .         Spirit   .   (no helmet)
rElec    .         Reflect  .   (no cloak)
rCorr    .         Harm     .   (no gloves)
MR       .....                  (no boots)
Stlth    ..........             (no amulet)
HPRegen  0.09/turn              g - -3 ring of dexterity
MPRegen  0.08/turn              (no ring)

@: no status effects
A: clever 1, mutation resistance 1, inhibited regeneration
a: no special abilities


You escaped.
You were not hungry.

You visited 1 branch of the dungeon, and saw 1 of its levels.

You collected 82 gold pieces.

Inventory:

Hand Weapons
 a - a +0 war axe (weapon)
Armour
 b - a +0 scale mail (worn)
 c - a +1 shield (worn)
Jewellery
 g - a -3 ring of dexterity (left hand)
Scrolls
 l - a scroll of fear
Potions
 d - a potion of might
Comestibles
 f - 3 rations


   Skills:
 + Level 3.1 Fighting
 + Level 2.3 Axes
 + Level 3.2 Armour
 + Level 0.4 Dodging
 + Level 3.4 Shields


You had 2 spell levels left.
You didn't know any spells.

Dungeon Overview and Level Annotations

Branches:
Dungeon (1/15)

Altars:
The Shining One


Innate Abilities, Weirdness & Mutations

Your mind is acute. (Int +2)
You are somewhat resistant to further mutation.
You do not regenerate when monsters are visible.


Message History

You feel as if something is helping you.
It was a scroll of remove curse.
As you read the scroll labeled LOOH FIUFU, it crumbles to dust.
It is a scroll of identify.
l - a scroll of fear
As you read the scroll labeled BESMI MUNWAJYO, it crumbles to dust.
It is a scroll of enchant armour.
Your +0 shield glows green for a moment.
Okay, then.
It was a potion of mutation.
You feel extremely strange.
Your regeneration stops near monsters.
You feel clever.
You feel genetically stable.
It was a potion of degeneration.
There was something very wrong with that liquid.
You feel weakened.
You feel dopey.
You feel clumsy.
It was a potion of heal wounds.
You feel much better.
You see here 14 poisoned needles.
There is a staircase leading out of the dungeon here.
Are you sure you want to leave the Dungeon?
This will make you lose the game!
You have escaped!

#...# #(.........###..#
#...######.##........#.###
.........#.####...###.##
#...####.#.# #...# #.# ##.##
#.#.# ##..####.###### #.#
#.#.###.....##...)..# #.#
#.#.#........######.#
##.#####.#.#.........# #.#
................@....# #.#
###....#.###.........# #.#
#........# #.........# #.#
...).....# #.#.......#####.#
.........# #.##............#
.........###.##......#######
.............##......#
.............).......#
..........######..####


There were no monsters in sight!

Vanquished Creatures
  A gnoll (D:1)
  A leopard gecko (D:1)
  A goblin (D:1)
  2 hobgoblins (D:1)
  2 jackals (D:1)
  A ball python (D:1)
  3 frilled lizards (D:1)
  4 kobolds (D:1)
  A rat (D:1)
16 creatures vanquished.

Notes
Turn   | Place    | Note
-------+----------+-------------------------------------------
     0 | D:1      | Kairos the Human Fighter began the quest for the Orb.
     0 | D:1      | Reached XP level 1. HP: 18/18 MP: 1/1
    23 | D:1      | Reached XP level 2. HP: 24/24 MP: 2/2
   345 | D:1      | Reached XP level 3. HP: 26/29 MP: 3/3
   455 | D:1      | Found a glowing golden altar of the Shining One.
   615 | D:1      | Gained mutation: You do not regenerate when monsters are visible. [potion of mutation]
   615 | D:1      | Gained mutation: Your mind is acute. (Int +2) [potion of mutation]
   615 | D:1      | Gained mutation: You are somewhat resistant to further mutation. [potion of mutation]
   642 | D:$      | Got out of the dungeon alive.

Action                   || total
-------------------------++-------
Melee: War axe           ||    50
  Use: Scroll            ||     3
       Potion            ||     3
Armor: Scale mail        ||    13
Dodge: Dodged            ||    13
Block: Shield            ||    25
